[Event "Titled Tuesday Blitz December 27 Late 2022"]
[White "Korchmar, Vasiliy"]
[Black "Andrews, Todd"]
[WhiteFideId "24131750"]
[BlackFideId "2012456"]
[WhiteElo "2438"]
[BlackElo "2220"]
[Result "1-0"]
[Round "02"]
[TimeControl "180+2"]
[Date "2022.12.27"]
[WhiteClock "0:02:08"]
[BlackClock "0:00:49"]

1. e4 e6 2. d4 d5 3. e5 c5 4. c3 Nc6 5. Nf3 Bd7 6. Be2 Nge7 7. Na3 cxd4 8. cxd4 Nf5 9. Nc2 Rc8 10. a3 Na5 11. Bf4 Nc4 12. b3 Qa5+ 13. Kf1 Nb2 14. Qb1 Qc3 15. Nce1 Nxd4 16. Nxd4 Qxd4 17. Be3 Qxe5 18. Ra2 Bc5 19. Bxc5 Rxc5 20. Qxb2 d4 21. Nd3 1-0


[Site "https://www.chess.com"]

[Event "Titled Tuesday Blitz December 27 Late 2022"]
[White "Kourkoulos-Arditis, Stamatis"]
[Black "Shtompel, Yuriy"]
[WhiteFideId "4221990"]
[BlackFideId "14168278"]
[WhiteElo "2539"]
[BlackElo "1938"]
[Result "1-0"]
[Round "02"]
[TimeControl "180+2"]
[Date "2022.12.27"]
[WhiteClock "0:00:06"]
[BlackClock "0:00:07"]

1. e4 c5 2. Nf3 d6 3. Bb5+ Nd7 4. O-O a6 5. Bd3 Ngf6 6. Re1 e6 7. c3 Be7 8. Bf1 O-O 9. d4 cxd4 10. cxd4 e5 11. d5 Nc5 12. Nc3 Bg4 13. b4 Ncd7 14. a3 Rc8 15. Bd2 Nb6 16. h3 Bh5 17. g4 Bg6 18. Qb3 Qd7 19. Nh4 Nxe4 20. Nxg6 Nxd2 21. Nxf8 Nxb3 22. Nxd7 Nxd7 23. Ne4 Nxa1 24. Rxa1 g6 25. g5 Nb6 26. Rd1 Rc2 27. h4 Kg7 28. Bd3 Rc7 29. Bf1 h6 30. Kg2 hxg5 31. hxg5 Rc2 32. Rd3 Nc4 33. a4 Nb2 34. Ra3 Nc4 35. Rb3 Nb6 36. b5 Nxd5 37. bxa6 bxa6 38. Bxa6 Nf4+ 39. Kg3 Ra2 40. Bb5 d5 41. Nc3 Bxg5 42. Nxa2 d4 43. Bc6 Ne2+ 44. Kf3 Ng1+ 45. Kg2 Ne2 46. a5 f5 47. a6 Nf4+ 48. Kf1 Bd8 49. a7 Kf6 50. a8=Q 1-0


[Site "https://www.chess.com"]

[Event "Titled Tuesday Blitz December 27 Late 2022"]
[White "Kujawski, Adam"]
[Black "Koutlas, Nikolaos"]
[WhiteFideId "1100920"]
[BlackFideId "25827138"]
[WhiteElo "2173"]
[BlackElo "2341"]
[Result "0-1"]
[Round "02"]
[TimeControl "180+2"]
[Date "2022.12.27"]
[WhiteClock "0:00:01"]
[BlackClock "0:00:55"]

1. e4 e6 2. d4 d5 3. Nc3 Nf6 4. Bg5 Bb4 5. e5 h6 6. Bd2 Bxc3 7. bxc3 Ne4 8. Bc1 c5 9. Ne2 Nc6 10. f3 Ng5 11. h4 Nh7 12. Nf4 Bd7 13. Be3 Qa5 14. Qd2 Rc8 15. Nh5 g6 16. Nf6+ Nxf6 17. exf6 cxd4 18. Bxh6 dxc3 19. Qg5 Nd4 20. Bd3 Bb5 21. Bxg6 Rg8 22. Bg7 Qb4 23. Bxf7+ Kd7 24. Bxg8 Qc4 25. Kf2 Qe2+ 26. Kg3 Rxg8 0-1


[Site "https://www.chess.com"]

[Event "Titled Tuesday Blitz December 27 Late 2022"]
[White "Kunin, Vitaly"]
[Black "Firouzja, Alireza"]
[WhiteFideId "4128737"]
[BlackFideId "12573981"]
[WhiteElo "2517"]
[BlackElo "2785"]
[Result "0-1"]
[Round "02"]
[TimeControl "180+2"]
[Date "2022.12.27"]
[WhiteClock "0:00:01"]
[BlackClock "0:01:00"]

1. d4 Nf6 2. c4 g6 3. Nc3 Bg7 4. e4 d6 5. Nf3 O-O 6. Be2 e5 7. O-O Nc6 8. dxe5 dxe5 9. Bg5 Qxd1 10. Raxd1 Ne8 11. c5 Be6 12. Bb5 f6 13. Bxc6 bxc6 14. Be3 Rf7 15. b3 Bf8 16. Ne1 g5 17. Nc2 a5 18. f3 Ng7 19. Rd2 Bc8 20. Rfd1 Ne6 21. Na4 Ba6 22. Rd7 Bb5 23. Rxf7 Kxf7 24. Nc3 Ba6 25. Na4 Ke8 26. Kf2 Bb5 27. Nc3 Nxc5 28. Nxb5 cxb5 29. Rd5 Rd8 30. Na3 c6 31. Rxd8+ Kxd8 32. Nc2 a4 33. Bxc5 Bxc5+ 34. Ke2 axb3 35. axb3 h5 36. h3 h4 37. Kd3 Kc7 38. Kc3 Kb6 39. Kd3 Bf2 40. Ke2 Bd4 41. Kd3 c5 42. Na3 Ka6 43. Nc2 Ka5 44. Kd2 c4 45. bxc4 bxc4 46. Ne1 Kb4 47. Nc2+ Kb3 48. Kd1 Kc3 49. Kc1 Kd3 50. Kd1 Bc3 51. Na3 Bb4 52. Nb5 c3 0-1


[Site "https://www.chess.com"]

[Event "Titled Tuesday Blitz December 27 Late 2022"]
[White "Liu, Casper"]
[Black "Skvortsov, Andrei"]
[WhiteFideId "1454153"]
[BlackFideId "24108600"]
[WhiteElo "2278"]
[BlackElo "2313"]
[Result "1-0"]
[Round "02"]
[TimeControl "180+2"]
[Date "2022.12.27"]
[WhiteClock "0:00:46"]
[BlackClock "0:00:05"]

1. d4 Nf6 2. c4 c5 3. dxc5 e6 4. Nf3 Bxc5 5. g3 O-O 6. Bg2 d5 7. O-O d4 8. a3 a5 9. Nbd2 a4 10. b4 axb3 11. Nxb3 Be7 12. Qxd4 Bd7 13. Ne5 Ba4 14. Qb2 Qc7 15. Bf4 Nh5 16. Nd4 Nxf4 17. gxf4 Bc5 18. e3 Ra7 19. Nb5 Qb6 20. Rab1 Ra5 21. Nc3 Qd8 22. Qxb7 Ra7 23. Qb2 f6 24. Nxa4 Rxa4 25. Rfd1 Qc7 26. Nd3 Rxa3 27. Qb7 Qd6 28. Ne5 Qa6 29. Qxb8 Rxb8 30. Rxb8+ Bf8 31. Rdd8 g5 32. Rxf8+ Kg7 33. Rf7+ Kh6 34. Rxf6+ Kh5 35. Bf3+ g4 36. Bxg4+ Kh4 37. Rh6# 1-0


[Site "https://www.chess.com"]

[Event "Titled Tuesday Blitz December 27 Late 2022"]
[White "Liu, Kelsey"]
[Black "Bochnicka, Vladimir"]
[WhiteFideId "30944481"]
[BlackFideId "14943450"]
[WhiteElo "2065"]
[BlackElo "2327"]
[Result "0-1"]
[Round "02"]
[TimeControl "180+2"]
[Date "2022.12.27"]
[WhiteClock "0:00:03"]
[BlackClock "0:00:10"]

1. e4 c5 2. Nf3 Nc6 3. Bb5 e6 4. O-O Nge7 5. c3 a6 6. Be2 d5 7. e5 d4 8. d3 Ng6 9. cxd4 cxd4 10. Re1 Ngxe5 11. Bf4 Ng6 12. Bg3 Bd6 13. Na3 Bxg3 14. hxg3 O-O 15. Nc4 b5 16. Ncd2 Bb7 17. Ne4 Rc8 18. Nc5 Qe7 19. Rc1 Nce5 20. Nxb7 Qxb7 21. Nxd4 Qd5 22. Nb3 Rxc1 23. Nxc1 Rc8 24. d4 Nc4 25. b3 Nb6 26. Bf3 Qg5 27. Nd3 h6 28. Nc5 a5 29. Qe2 Nf8 30. Qxb5 Nbd7 31. Qb7 Rd8 32. Qc7 Nxc5 33. dxc5 Qd2 34. Re2 Qc1+ 35. Kh2 Rd7 36. Qf4 Qxc5 37. Be4 Rd4 38. Qf3 Qc1 39. Qe3 Rd1 40. Qxc1 Rxc1 41. Rc2 Ra1 42. Kh3 f5 43. Bd3 Rh1# 0-1


[Site "https://www.chess.com"]

[Event "Titled Tuesday Blitz December 27 Late 2022"]
[White "Lobanov, Sergei"]
[Black "Klose, Eli"]
[WhiteFideId "24183750"]
[BlackFideId "16242955"]
[WhiteElo "2536"]
[BlackElo "1519"]
[Result "1-0"]
[Round "02"]
[TimeControl "180+2"]
[Date "2022.12.27"]
[WhiteClock "0:00:17"]
[BlackClock "0:00:45"]

1. e4 e6 2. d4 d5 3. Nc3 Bb4 4. e5 Ne7 5. a3 Bxc3+ 6. bxc3 b6 7. h4 Ba6 8. Bxa6 Nxa6 9. h5 h6 10. Ne2 Qd7 11. Qd3 Qa4 12. f4 c5 13. g4 cxd4 14. cxd4 Rc8 15. c3 Qc4 16. Qf3 Nc7 17. f5 Kd7 18. a4 Qb3 19. Ba3 Rhe8 20. O-O Qc2 21. Ng3 Na6 22. Rfc1 Qd2 23. a5 b5 24. Rab1 b4 25. cxb4 Qxd4+ 26. Kh1 Rxc1+ 27. Rxc1 Rc8 28. fxe6+ fxe6 29. Rxc8 Kxc8 30. b5 Nc5 31. Qf8+ Kd7 32. Bxc5 Qxc5 33. Qxg7 Qxb5 34. Qxh6 Qxa5 35. Qe3 Qa1+ 36. Kg2 Nc6 37. h6 Qxe5 38. Qd3 Ne7 39. h7 a5 40. Qb5+ Kd8 41. Qxa5+ Ke8 42. Qa8+ Kf7 43. h8=Q 1-0


[Site "https://www.chess.com"]

[Event "Titled Tuesday Blitz December 27 Late 2022"]
[White "Lorenzo De La Riva, Lazaro"]
[Black "Marcolino, Daniel Mattos"]
[WhiteFideId "2268809"]
[BlackFideId "2106841"]
[WhiteElo "2404"]
[BlackElo "2006"]
[Result "1-0"]
[Round "02"]
[TimeControl "180+2"]
[Date "2022.12.27"]
[WhiteClock "0:02:00"]
[BlackClock "0:00:40"]

1. b3 d5 2. Bb2 Nf6 3. e3 e6 4. f4 Be7 5. Nf3 O-O 6. Be2 c5 7. O-O Nc6 8. d3 b6 9. Ne5 Bb7 10. Nd2 Nd7 11. Qe1 f6 12. Nef3 e5 13. fxe5 fxe5 14. e4 Nb4 15. Qd1 Bf6 16. c3 dxe4 17. dxe4 Nc6 18. Qc2 Qe7 19. Nc4 b5 20. Ne3 Nd8 21. Bxb5 Ne6 22. Nf5 Qd8 23. Rad1 Rf7 24. Nd6 1-0


[Site "https://www.chess.com"]

[Event "Titled Tuesday Blitz December 27 Late 2022"]
[White "Manukyan, Sargis A."]
[Black "Kopacz, Grzegorz"]
[WhiteFideId "13303970"]
[BlackFideId "1109880"]
[WhiteElo "2158"]
[BlackElo "1997"]
[Result "1-0"]
[Round "02"]
[TimeControl "180+2"]
[Date "2022.12.27"]
[WhiteClock "0:00:13"]
[BlackClock "0:00:23"]

1. Nf3 c5 2. c4 Nf6 3. g3 g6 4. Bg2 Bg7 5. O-O d6 6. a3 Nc6 7. Nc3 Be6 8. d3 Qd7 9. Ng5 Bg4 10. h3 Bf5 11. e4 Be6 12. Nxe6 fxe6 13. f4 Nd4 14. Be3 O-O 15. Bxd4 cxd4 16. Ne2 e5 17. f5 e6 18. g4 Bh6 19. Kh1 Be3 20. Qe1 g5 21. fxe6 Qxe6 22. Ng3 Nxg4 23. hxg4 Qxg4 24. Kh2 Rxf1 25. Qxf1 Rf8 26. Nf5 Qh5+ 27. Bh3 g4 28. Qg2 Qxh3+ 29. Qxh3 gxh3 30. Kxh3 Rf6 31. b4 Kf7 32. Ra2 Rg6 33. Rg2 Rxg2 34. Kxg2 Bc1 35. a4 Ke6 36. Kf3 Bd2 37. b5 Bf4 38. Kg4 a6 39. Nxd4+ exd4 40. Kxf4 Kf6 41. Kg4 Ke5 42. Kg5 a5 43. b6 h6+ 44. Kxh6 Kf4 45. Kg6 Ke3 46. e5 Kxd3 47. exd6 Kc2 48. d7 d3 49. d8=Q d2 50. c5 d1=Q 51. Qxd1+ Kxd1 52. c6 Kc2 53. cxb7 1-0


[Site "https://www.chess.com"]

[Event "Titled Tuesday Blitz December 27 Late 2022"]
[White "Marjanovic, Annamaria"]
[Black "Babazada, Khazar"]
[WhiteFideId "750930"]
[BlackFideId "13413554"]
[WhiteElo "2273"]
[BlackElo "2474"]
[Result "1/2-1/2"]
[Round "02"]
[TimeControl "180+2"]
[Date "2022.12.27"]
[WhiteClock "0:01:03"]
[BlackClock "0:01:08"]

1. c4 e6 2. g3 d5 3. Bg2 Nf6 4. Nf3 dxc4 5. Qa4+ Bd7 6. Qxc4 c5 7. Ne5 Nc6 8. Nxd7 Qxd7 9. O-O Be7 10. d3 O-O 11. Nc3 Rac8 12. Be3 a6 13. a4 Rfd8 14. Rfc1 Ne8 15. Ne4 Na5 16. Qc3 b6 17. Nd2 Nd6 18. Nc4 Ndxc4 19. dxc4 Bf6 20. Qc2 Bd4 21. Rd1 Qe7 22. Bd2 Nc6 23. a5 Nxa5 24. Bxa5 bxa5 25. Rxa5 Qf6 26. e3 Bxb2 27. Rxd8+ Rxd8 28. Rxa6 g6 29. Ra8 Rxa8 30. Bxa8 Ba3 31. Be4 Bb4 32. Kg2 Kg7 33. Qe2 h5 34. h4 Ba5 35. Bf3 Qa1 36. Qd1 Qc3 37. Qe2 Bc7 38. Be4 Qe5 39. Bf3 f5 40. Qd1 Bd6 41. Qa4 Kh6 42. Qd7 Bf8 43. Qc8 Qd6 44. Qc6 Qe7 45. Qc8 Bg7 46. Bc6 e5 47. Bd5 f4 48. Qe6 1/2-1/2


[Site "https://www.chess.com"]

[Event "Titled Tuesday Blitz December 27 Late 2022"]
[White "Martin Carmona, Gaston Manuel"]
[Black "Eggleston, Thomas A"]
[WhiteFideId "22284567"]
[BlackFideId "412139"]
[WhiteElo "2333"]
[BlackElo "2215"]
[Result "1-0"]
[Round "02"]
[TimeControl "180+2"]
[Date "2022.12.27"]
[WhiteClock "0:00:16"]
[BlackClock "0:00:02"]

1. Nf3 e6 2. c4 d5 3. d4 Nf6 4. g3 dxc4 5. Bg2 a6 6. O-O Nbd7 7. Qc2 b5 8. Ne5 Nd5 9. Nc3 Bb7 10. a4 c6 11. b3 cxb3 12. Qxb3 Nxe5 13. dxe5 Be7 14. Ba3 O-O 15. Bxe7 Qxe7 16. Ne4 Rab8 17. Rfc1 Ba8 18. a5 Rfc8 19. Nc5 Bb7 20. Be4 Rc7 21. Qb1 g6 22. f4 Bc8 23. Ra3 b4 24. Rb3 Rb5 25. Nd3 Nc3 26. Rbxc3 bxc3 27. Qc2 c5 28. Qxc3 c4 29. Nf2 Bb7 30. Bxb7 Rbxb7 31. Ne4 Rb3 32. Nf6+ Kg7 33. Qd4 Qc5 34. Qxc5 Rxc5 35. Rd1 Rcb5 36. Rd8 Rb8 37. Rd6 c3 38. Rc6 g5 39. Kf2 gxf4 40. gxf4 Kg6 41. h4 Kf5 42. Rxa6 c2 43. Rc6 Rb2 44. Kf3 R8b3+ 45. e3 Ra3 46. h5 1-0


[Site "https://www.chess.com"]

[Event "Titled Tuesday Blitz December 27 Late 2022"]
[White "Matinian, Nikita"]
[Black "Dzierzak, Radoslaw"]
[WhiteFideId "24129100"]
[BlackFideId "1161407"]
[WhiteElo "2407"]
[BlackElo "2220"]
[Result "1-0"]
[Round "02"]
[TimeControl "180+2"]
[Date "2022.12.27"]
[WhiteClock "0:01:01"]
[BlackClock "0:01:09"]

1. e4 c6 2. d4 d5 3. e5 c5 4. Nf3 Bg4 5. dxc5 Nc6 6. Bb5 Qa5+ 7. Nc3 e6 8. a3 Ne7 9. b4 Bxf3 10. Qxf3 Qc7 11. Bf4 a6 12. Ba4 Ng6 13. O-O Nxe5 14. Qg3 f6 15. Rfe1 O-O-O 16. Bxc6 bxc6 17. Bxe5 fxe5 18. Qxe5 Qxe5 19. Rxe5 Be7 20. Rxe6 Bf6 21. Rxc6+ Kb7 22. Rb6+ Ka7 23. Rxf6 gxf6 24. Rd1 Rhe8 25. Kf1 Re5 26. f4 Rh5 27. h3 Kb7 28. Kf2 Kc6 29. Ne2 Rh4 30. Nd4+ Kb7 31. Kg3 Rh6 32. Nf5 Rg6+ 33. Kf3 Rdg8 34. g4 Rd8 35. c4 d4 36. Rxd4 Rxd4 37. Nxd4 h5 38. a4 hxg4+ 39. hxg4 Rh6 40. b5 Rh3+ 41. Ke4 Ra3 42. c6+ Kc7 43. Ne6+ Kd6 44. c7 Kd7 45. b6 Rb3 46. Nc5+ Kc8 47. Nxb3 1-0


[Site "https://www.chess.com"]

[Event "Titled Tuesday Blitz December 27 Late 2022"]
[White "Mayaud, Raphael"]
[Black "Kokoszczynski, Jan"]
[WhiteFideId "627151"]
[BlackFideId "1174460"]
[WhiteElo "2201"]
[BlackElo "2247"]
[Result "0-1"]
[Round "02"]
[TimeControl "180+2"]
[Date "2022.12.27"]
[WhiteClock "0:00:08"]
[BlackClock "0:00:33"]

1. d4 d5 2. Nf3 c6 3. e3 Nf6 4. Bd3 Bg4 5. c3 Nbd7 6. O-O e6 7. Re1 Bd6 8. Nbd2 O-O 9. e4 dxe4 10. Nxe4 Nxe4 11. Bxe4 Nf6 12. Bc2 Qa5 13. h3 Bf5 14. Bg5 Bxc2 15. Qxc2 Nd5 16. Bd2 Qc7 17. c4 Nf4 18. c5 Be7 19. Ne5 Nd5 20. Bc3 Bf6 21. Ng4 Rad8 22. Rad1 Rd7 23. Rd3 Rfd8 24. Rg3 Kh8 25. Qe4 Bh4 26. Ne5 Bxg3 27. Nxd7 Bh2+ 28. Kh1 Rxd7 29. g3 Bxg3 30. fxg3 Qxg3 31. Re2 Nf4 32. Re3 Qf2 33. Be1 Qf1+ 34. Kh2 Rxd4 35. Qf3 Qxf3 36. Rxf3 e5 37. Bc3 Re4 38. b4 f6 39. a3 Re2+ 40. Kg1 h5 41. Kf1 Rc2 42. Be1 Kh7 43. Bf2 Kg6 44. Be3 Kf5 45. Bxf4 exf4 46. Rd3 g5 47. Rd7 g4 48. hxg4+ hxg4 49. Rxb7 f3 50. Rg7 Kf4 51. Rg6 f5 52. Rxc6 g3 53. Rg6 Rc1# 0-1


[Site "https://www.chess.com"]

[Event "Titled Tuesday Blitz December 27 Late 2022"]
[White "Mekhitarian, Krikor Sevag"]
[Black "Winterberg, Lukas"]
[WhiteFideId "2107660"]
[BlackFideId "24622702"]
[WhiteElo "2537"]
[BlackElo "2402"]
[Result "1/2-1/2"]
[Round "02"]
[TimeControl "180+2"]
[Date "2022.12.27"]
[WhiteClock "0:00:07"]
[BlackClock "0:01:29"]

1. e4 e6 2. d4 d5 3. Nd2 c5 4. Ngf3 cxd4 5. Nxd4 Nf6 6. exd5 Nxd5 7. N2f3 Bb4+ 8. Bd2 O-O 9. Bxb4 Nxb4 10. c3 N4c6 11. Nb3 e5 12. Qxd8 Rxd8 13. Bc4 h6 14. O-O Bg4 15. Nfd2 Nd7 16. Rfe1 Nb6 17. Bb5 f6 18. h3 Bf5 19. Nf1 a6 20. Bxc6 bxc6 21. Ne3 Bg6 22. Nc5 a5 23. b3 Nd5 24. Rac1 Nf4 25. Kh2 Nd3 26. Nxd3 Bxd3 27. c4 a4 28. Red1 axb3 29. axb3 e4 30. Rc3 Ra3 31. f3 Rb8 32. fxe4 Bxe4 33. Rd4 f5 34. g4 Rbxb3 35. Rxb3 Rxb3 36. Nxf5 Bxf5 37. gxf5 Rc3 38. h4 Kf7 39. Kg2 c5 40. Rf4 Kf6 41. Rg4 Kxf5 42. Rxg7 Rxc4 43. Kg3 h5 44. Rg5+ Ke4 45. Rxh5 Rc1 46. Rh8 c4 47. Re8+ Kf5 48. Rf8+ Ke5 49. Re8+ Kd4 50. Rd8+ Ke3 51. Re8+ Kd3 52. Rd8+ Ke4 53. Re8+ Kf5 54. Rf8+ Ke6 55. Re8+ Kf6 56. Rc8 c3 57. Rc5 c2 58. Kg2 Kg6 59. h5+ Kh6 60. Kh2 Kh7 61. Kg2 Kg7 62. Rc6 Rd1 63. h6+ Kh7 64. Rxc2 Kxh6 1/2-1/2


[Site "https://www.chess.com"]

[Event "Titled Tuesday Blitz December 27 Late 2022"]
[White "Melikhov, Evgeny V."]
[Black "White, John S."]
[WhiteFideId "4122046"]
[BlackFideId "2502348"]
[WhiteElo "2269"]
[BlackElo "2235"]
[Result "1-0"]
[Round "02"]
[TimeControl "180+2"]
[Date "2022.12.27"]
[WhiteClock "0:01:28"]
[BlackClock "0:01:14"]

1. d4 Nf6 2. Bg5 Ne4 3. Bh4 g5 4. f3 gxh4 5. fxe4 Bg7 6. Nf3 e6 7. e3 O-O 8. Nc3 c5 9. Bd3 Nc6 10. e5 cxd4 11. exd4 Qa5 12. O-O d5 13. Bxh7+ Kxh7 14. Ng5+ Kg6 15. Qg4 f5 16. exf6 Rxf6 17. Nxe6+ Kf7 18. Qxg7+ Kxe6 19. Rxf6# 1-0


[Site "https://www.chess.com"]

[Event "Titled Tuesday Blitz December 27 Late 2022"]
[White "Melikyan, Gnel"]
[Black "Vovk, Orest"]
[WhiteFideId "54109990"]
[BlackFideId "14113490"]
[WhiteElo "2238"]
[BlackElo "2315"]
[Result "1-0"]
[Round "02"]
[TimeControl "180+2"]
[Date "2022.12.27"]
[WhiteClock "0:00:27"]
[BlackClock "0:00:07"]

1. e4 g5 2. d4 g4 3. c4 Bg7 4. Nc3 c5 5. Be3 h5 6. h3 Nc6 7. d5 Nd4 8. hxg4 h4 9. Nge2 Nxe2 10. Bxe2 Bxc3+ 11. bxc3 Qa5 12. Qb3 Nf6 13. f3 d6 14. Qb5+ Qxb5 15. cxb5 Nd7 16. a4 Ne5 17. Bf2 Ng6 18. g3 hxg3 19. Rxh8+ Nxh8 20. Bxg3 f6 21. Kd2 Kf7 22. f4 Ng6 23. g5 fxg5 24. fxg5 Bd7 25. Rh1 Kg7 26. Rh6 Rf8 27. Bh5 Nf4 28. Bd1 Nh3 29. Bh4 Rf1 30. e5 dxe5 31. d6 exd6 32. Rxd6 Bf5 33. Rf6 Rf4 34. Bg3 Rf1 35. Bxe5 Kh7 36. Bc2 Bxc2 37. Rxf1 Bxa4 38. Rh1 Bxb5 39. Rxh3+ Kg6 40. Bf4 a5 41. Rh6+ Kg7 42. Be5+ Kf7 43. g6+ Ke6 44. g7+ 1-0


[Site "https://www.chess.com"]

[Event "Titled Tuesday Blitz December 27 Late 2022"]
[White "Melkumyan, Hrant"]
[Black "Djokic, Mihailo"]
[WhiteFideId "13302485"]
[BlackFideId "976440"]
[WhiteElo "2645"]
[BlackElo "2192"]
[Result "1-0"]
[Round "02"]
[TimeControl "180+2"]
[Date "2022.12.27"]
[WhiteClock "0:00:25"]
[BlackClock "0:00:01"]

1. d4 Nf6 2. c4 e6 3. Bf4 d5 4. e3 Be7 5. Nc3 O-O 6. Rc1 c6 7. Nf3 Nbd7 8. h3 a6 9. a3 dxc4 10. Bxc4 b5 11. Ba2 Bb7 12. b4 a5 13. Qb3 Nb6 14. Qb2 Bd6 15. Bxd6 Qxd6 16. O-O axb4 17. axb4 Na4 18. Nxa4 Rxa4 19. Rb1 Rfa8 20. Bb3 Rxb4 21. Ne5 c5 22. dxc5 Qxc5 23. Rfc1 Qb6 24. Qc3 Rh4 25. Nxf7 Bxg2 26. Ng5 Bd5 27. Qc8+ Qd8 28. Bxd5 Rxc8 29. Bxe6+ Kf8 30. Rxc8 Qxc8 31. Bxc8 b4 32. Ne6+ Kf7 33. Nf4 g5 34. Nd3 h5 35. Rxb4 g4 36. hxg4 hxg4 37. Ne5+ Ke8 38. Bxg4 Ke7 39. Rd4 Kf8 40. Ng6+ Kg7 41. Nxh4 1-0


[Site "https://www.chess.com"]

[Event "Titled Tuesday Blitz December 27 Late 2022"]
[White "Mendez Fortes, Eduardo Jesus"]
[Black "Rengifo Blancas, Renzo Jhonathan"]
[WhiteFideId "3502376"]
[BlackFideId "3807185"]
[WhiteElo "2250"]
[BlackElo "2131"]
[Result "1-0"]
[Round "02"]
[TimeControl "180+2"]
[Date "2022.12.27"]
[WhiteClock "0:00:23"]
[BlackClock "0:00:04"]

1. e4 e5 2. Nf3 Nc6 3. Bb5 a6 4. Ba4 Nf6 5. O-O Be7 6. Re1 b5 7. Bb3 O-O 8. c3 d5 9. exd5 Nxd5 10. Nxe5 Nxe5 11. Rxe5 c6 12. d4 Bd6 13. Re1 Qh4 14. g3 Qh3 15. Re4 Qf5 16. Bc2 Qf6 17. Nd2 Bf5 18. Re1 Bxc2 19. Qxc2 Rae8 20. Ne4 Qg6 21. Bd2 Re6 22. f3 Rfe8 23. Qd1 Bf4 24. Bxf4 Nxf4 25. Qd2 Nd5 26. Nc5 Re3 27. Rxe3 Rxe3 28. Re1 Rxe1+ 29. Qxe1 h5 30. Qe8+ Kh7 31. Qe4 f5 32. Qd3 h4 33. Kf2 hxg3+ 34. hxg3 Qh5 35. Qf1 Qg5 36. Qe2 f4 37. Qe4+ Kg8 38. Qe6+ Kh7 39. Qh3+ Kg8 40. g4 Qe7 41. Ne4 Nf6 42. Nxf6+ gxf6 43. Qf1 Qe3+ 44. Kg2 Qd2+ 45. Qf2 Qc1 46. Qe2 Kf7 47. a3 a5 48. Qf2 a4 49. Qe2 Qb1 50. Qd2 Qa1 51. Qxf4 Qxb2+ 52. Kh3 Qxc3 53. g5 Kg6 54. Qxf6+ Kh7 55. g6+ Kh6 56. g7+ Kh5 57. g8=Q Qxf3+ 58. Qxf3+ Kh6 59. Qf4+ Kh5 60. Qfg5# 1-0


[Site "https://www.chess.com"]

[Event "Titled Tuesday Blitz December 27 Late 2022"]
[White "Moradiabadi, Elshan"]
[Black "Kozlov, Gennady"]
[WhiteFideId "12501255"]
[BlackFideId "4191668"]
[WhiteElo "2507"]
[BlackElo "2401"]
[Result "1-0"]
[Round "02"]
[TimeControl "180+2"]
[Date "2022.12.27"]
[WhiteClock "0:02:33"]
[BlackClock "0:02:41"]

1. c4 e5 2. Nc3 Nc6 3. Nf3 Nf6 4. e4 g6 5. d4 exd4 6. Nxd4 Bg7 7. Nxc6 bxc6 8. Bd3 O-O 9. O-O Re8 10. Bg5 h6 11. Bh4 g5 12. Bg3 Bb7 13. e5 Nh7 14. f4 gxf4 15. Bxf4 Qh4 16. Bxh7+ Kxh7 17. Qxd7 Re7 18. Qf5+ Kg8 19. Ne4 Bc8 20. Nf6+ Kh8 21. Qh7# 1-0


[Site "https://www.chess.com"]

[Event "Titled Tuesday Blitz December 27 Late 2022"]
[White "Mortazavi, Ali"]
[Black "Stanojevic, Ilija"]
[WhiteFideId "401323"]
[BlackFideId "959995"]
[WhiteElo "2333"]
[BlackElo "2142"]
[Result "0-1"]
[Round "02"]
[TimeControl "180+2"]
[Date "2022.12.27"]
[WhiteClock "0:00:08"]
[BlackClock "0:00:15"]

1. e4 c5 2. Nc3 Nc6 3. f4 g6 4. Nf3 Bg7 5. a4 d6 6. Bb5 a6 7. Bxc6+ bxc6 8. d3 Nf6 9. O-O O-O 10. Qe1 Rb8 11. b3 Qa5 12. Bd2 Qc7 13. Kh1 Bg4 14. Rc1 Bxf3 15. Rxf3 Nd7 16. Rh3 Rfe8 17. Qh4 Nf8 18. f5 Qd7 19. Ne2 d5 20. fxg6 fxg6 21. Rf1 e5 22. Rhf3 c4 23. dxc4 dxe4 24. Qxe4 Qxd2 25. Nc3 Qd4 26. Qxc6 e4 27. Rh3 e3 28. Ne2 Qd2 29. Qf3 Re7 30. Rh4 Ne6 31. Rg1 Rf8 32. Qg4 Rf2 33. Ng3 e2 34. Qe4 Bf6 35. Rg4 Nf8 36. h4 Rxe4 37. Nxe4 e1=Q 38. Nxd2 Qxd2 39. Re4 Re2 40. Rg4 Re1 41. Rxe1 Qxe1+ 42. Kh2 Be5+ 43. g3 Qf2+ 44. Kh3 Ne6 45. Re4 Qf5+ 46. Rg4 h5 47. Kg2 Qg5 0-1


[Site "https://www.chess.com"]

[Event "Titled Tuesday Blitz December 27 Late 2022"]
[White "Moskvin, Anatoly"]
[Black "Goltsev, Dmitry"]
[WhiteFideId "24199990"]
[BlackFideId "24176710"]
[WhiteElo "2189"]
[BlackElo "2269"]
[Result "0-1"]
[Round "02"]
[TimeControl "180+2"]
[Date "2022.12.27"]
[WhiteClock "0:02:05"]
[BlackClock "0:02:10"]

1. e4 e6 2. Nf3 d5 3. e5 c5 4. b4 cxb4 5. d4 Nc6 6. a3 Nge7 7. h4 h5 8. axb4 Nxb4 9. c3 Nbc6 10. Bd3 Nf5 11. g3 Be7 12. Ng5 g6 13. Qf3 Bd7 14. Bxf5 gxf5 15. Nh3 Na5 16. Bg5 Nc4 17. Bxe7 Qxe7 18. Nf4 b5 19. Nxh5 b4 20. Nf6+ Kd8 21. cxb4 Qxb4+ 22. Nc3 Rc8 23. O-O-O Qb2# 0-1


[Site "https://www.chess.com"]

[Event "Titled Tuesday Blitz December 27 Late 2022"]
[White "Mroziak, Maciej"]
[Black "Smith, Garrett L"]
[WhiteFideId "1139665"]
[BlackFideId "2024829"]
[WhiteElo "2338"]
[BlackElo "2047"]
[Result "0-1"]
[Round "02"]
[TimeControl "180+2"]
[Date "2022.12.27"]
[WhiteClock "0:00:52"]
[BlackClock "0:00:23"]

1. e4 c5 2. Nf3 Nc6 3. d4 cxd4 4. Nxd4 e5 5. Nb5 d6 6. a4 Be7 7. N1c3 a6 8. Na3 Be6 9. Nc4 Rc8 10. Ne3 Nf6 11. Be2 O-O 12. O-O Nd4 13. Bd3 Qd7 14. Ncd5 Bxd5 15. exd5 g6 16. c3 Nf5 17. Nxf5 gxf5 18. Bh6 Rfd8 19. Qf3 e4 20. Qg3+ Ng4 21. Be2 Kh8 22. Bxg4 fxg4 23. Qf4 f5 24. Kh1 Rg8 25. f3 gxf3 26. gxf3 Rg6 27. fxe4 fxe4 28. Rg1 Rcg8 29. Rxg6 Rxg6 30. Rg1 Qe8 31. Rxg6 Qxg6 32. Bf8 Bg5 33. Qxd6 Qf5 34. Kg2 Qf3+ 0-1


[Site "https://www.chess.com"]

[Event "Titled Tuesday Blitz December 27 Late 2022"]
[White "Novikov, Evgenij"]
[Black "Mitrovic, Darko R"]
[WhiteFideId "4125380"]
[BlackFideId "927023"]
[WhiteElo "2276"]
[BlackElo "2220"]
[Result "1-0"]
[Round "02"]
[TimeControl "180+2"]
[Date "2022.12.27"]
[WhiteClock "0:00:06"]
[BlackClock "0:00:01"]

1. d4 Nf6 2. c4 a6 3. Nc3 b5 4. cxb5 axb5 5. Nxb5 e5 6. e3 exd4 7. exd4 Ba6 8. Nf3 Bb4+ 9. Bd2 Bxd2+ 10. Qxd2 O-O 11. Be2 Bxb5 12. Bxb5 Re8+ 13. Kf1 c6 14. Bc4 d5 15. Bd3 Nbd7 16. g3 Ne4 17. Qc2 c5 18. dxc5 Ndxc5 19. Kg2 Qf6 20. b4 Ne6 21. Bxe4 dxe4 22. Qxe4 h5 23. Rhe1 Ng5 24. Qxe8+ Rxe8 25. Rxe8+ Kh7 26. Nxg5+ Qxg5 27. Re2 Qd5+ 28. f3 Qc4 29. Rb2 h4 30. b5 Qc3 31. Rab1 h3+ 32. Kxh3 Qxf3 33. b6 Qh5+ 34. Kg2 Qd5+ 35. Kg1 Qd4+ 36. Rf2 Qe4 37. Rbb2 Qe1+ 38. Kg2 Qe4+ 39. Kf1 Qd3+ 40. Ke1 Qe4+ 41. Kd1 Qd5+ 42. Kc1 Qc6+ 43. Kb1 Qe4+ 44. Rfc2 Qe1+ 45. Rc1 Qe4+ 46. Ka1 Qb7 47. a4 Qa6 48. Rb4 Qb7 49. Rcb1 f6 50. Ka2 1-0


[Site "https://www.chess.com"]